 Dungeon Crawl Stone Soup version 0.31-a0-277-g31ea1f65cc (webtiles) character file.

Game seed: 3605780771063504261

88 Maxmaps the Trooper (level 4, 0/15 HPs)
             Began as an Ogre Shapeshifter on July 15, 2023.
             Slain by a quokka (2 damage)
             ... on level 3 of the Dungeon.
             The game lasted 00:02:22 (1608 turns).

Maxmaps the Trooper (Ogre Shapeshifter)             Turns: 1608, Time: 00:02:22

Health: 0/15       AC: 11    Str: 19    XL:     4   Next: 53%
Magic:  4/4        EV: 12    Int: 11    God:
Gold:   169        SH:  0    Dex:  9    Spells: 3/3 levels left

rFire   . .          .
                       - Unarmed
rCold   . . .        (shield currently unavailable)
rNeg    . . .        a - melded +0 animal skin
rPois   ∞            (helmet currently unavailable)
rElec   +            (cloak currently unavailable)
rCorr   .            (gloves unavailable)
SInv    .            (boots unavailable)
Will    .....        (no amulet)
Stlth   +            i - ring of flight
HPRegen 0.22/turn    (no ring)
MPRegen 0.09/turn

%: no passive effects
@: storm-form, flying
A: cleaving, insubstantial, flying, reduced hp, large, unfitting armour, (tough
skin 1)
a: Blinkbolt, Begin Untransformation


You were on level 3 of the Dungeon.
You were a lightning-filled tempest!
You visited 1 branch of the dungeon, and saw 3 of its levels.

You collected 169 gold pieces.

Inventory:

Armour
 a - a +0 animal skin (melded)
Jewellery
 i - a ring of flight (left fist)
Talismans
 c - a beast talisman
 l - a storm talisman
Scrolls
 e - a scroll of teleportation {unknown}
 g - a scroll of butterflies {unknown}
 h - 3 scrolls of amnesia {unknown}
 k - 2 scrolls of fear {unknown}
 m - a scroll of poison {unknown}
 n - a scroll of identify {unknown}
Potions
 b - a potion of lignification
 f - a potion of ambrosia {unknown}
 j - a potion of magic {unknown}
 o - a potion of haste {unknown}
 p - a potion of attraction {unknown}


   Skills:
 + Level 5.7 Fighting
 - Level 1.7 Dodging
 - Level 2.2 Unarmed Combat
 - Level 3.0 Shapeshifting


You had 3 spell levels left.
You didn't know any spells.
Your spell library was empty.

Dungeon Overview and Level Annotations

Branches:
Dungeon (3/15)

Altars:

Shops:
D:2 (


Innate Abilities, Weirdness & Mutations

You are a lightning-filled tempest!
Your electrical attacks strike out in all directions at once.
You are incredibly evasive.
Your insubstantial body is immune to petrification, constriction, and being set on fire You are flying.
Your maximum health is decreased, since you lack skill for your form.
Your armour is entirely melded.
You are incapable of wielding weapons or throwing items.
You are too large for most types of armour.
You are immune to poison.
((You have tough skin. (AC +1)))


Message History

You kill Terence!
No target in view!
You now have 162 gold pieces (gained 4).
Found a stone staircase leading up.
No target in view!
Found an escape hatch in the floor.
No target in view!
You now have 169 gold pieces (gained 7).
A quokka comes into view.
A quokka is nearby!
An orc priest comes into view. It is wielding a +0 flail.
You closely miss the quokka.
The orc priest calls down the wrath of Beogh upon you.
Beogh smites you!
Ouch! That really hurt!
* * * LOW HITPOINT WARNING * * *
The quokka closely misses you.
You are too injured to fight recklessly!
You are too injured to fight recklessly!
It was a potion of heal wounds.
You feel much better. The quokka closely misses you.
You closely miss the quokka. The quokka barely misses you.
The orc priest casts a cantrip, but nothing happens.
The quokka bites you but does no damage.
You hit the quokka.
The quokka is lightly wounded.
An orc comes into view. It is wielding a +2 hand axe of venom.
The orc priest calls down the wrath of Beogh upon you.
Beogh smites you!
Ouch! That really hurt!
* * * LOW HITPOINT WARNING * * *
The quokka bites you.
* * * LOW HITPOINT WARNING * * *
The orc shouts!
You hear a shout!
You hit the quokka.
The quokka is almost dead.
You hear a shout!
An orc comes into view. It is wielding a +0 whip.
The quokka bites you.
You die... ####### ...... #...o #... #oo

#r# # # #v# .#
#.#.#.# ##<#
#.....###...#
......##.....#
###### #.....+
###....)#
#>......+
#.#.....#
#.#..)..####


You could see an orc priest, 2 orcs and a quokka.

Vanquished Creatures
  Terence (D:3)
  An adder (D:2)
  A dart slug (D:2)
  5 ball pythons
  5 bats
  10 endoplasms
  2 giant cockroaches (D:1)
  2 goblins (D:1)
  5 hobgoblins
  3 jackals (D:2)
  4 kobolds
  4 quokkas
  A frilled lizard (D:3)
  4 rats
48 creatures vanquished.

Notes
Turn   | Place    | Note
-------+----------+-------------------------------------------
     0 | D:1      | Maxmaps the Ogre Shapeshifter began the quest for the Orb.
     0 | D:1      | Reached XP level 1. HP: 22/22 MP: 1/1
   184 | D:1      | Reached XP level 2. HP: 19/29 MP: 2/2
   188 | D:1      | Reached skill level 3 in Fighting
   672 | D:1      | Reached skill level 4 in Fighting
   672 | D:1      | Reached XP level 3. HP: 39/39 MP: 3/3
  1228 | D:2      | Found Pouddih's Antique Weapon Boutique.
  1342 | D:2      | Reached skill level 5 in Fighting
  1552 | D:2      | Reached XP level 4. HP: 15/50 MP: 4/4
  1582 | D:3      | Noticed Terence
  1588 | D:3      | Killed Terence
  1608 | D:3      | Slain by a quokka

Illustrated notes

Levels and vault maps discovered:
D:1:      onia_arrival_mini_spirals, layout_basic
D:2:      layout_basic, serial_shops, nicolae_shop_stone, minmay_split_cup_small
D:3:      minmay_roachtagon, layout_basic, mainiacjoe_overflow_alcove_4,
          grunt_ministairs_14, uniq_terence

Skill      XL: |  1  2  3 |
---------------+----------+-----
Unarmed Combat | 2 |  2.2
Fighting       | 4 5 |  5.7
Dodging        | |  1.7
Shapeshifting  | |  3.0

Action                     |  1- 3 |  4- 6 || total
---------------------------+-------+-------++-------
  Melee: Unarmed           |   137 |    10 ||   147
         Punch             |     1 |       ||     1
    Use: Potion            |       |     1 ||     1
   Stab: Sleeping          |     1 |       ||     1
 Armour: Animal skin       |    40 |       ||    40
         Skin              |     7 |     1 ||     8
  Dodge: Dodged            |    75 |     7 ||    82
         Form:             |     1 |       ||     1
         Storm             |     1 |       ||     1

Table legend: (Time is in decaauts)
 A = Elapsed time spent in this place.
 B = Non-inter-level travel time spent in this place.
 C = Inter-level travel time spent in this place.
 D = Time resting spent in this place.
 E = Time spent auto-exploring this place.
 F = Levels seen in this place.
 G = Mean time per level.
                   A        B        C        D        E       F      G
               +--------+--------+--------+--------+--------+-----+--------+
         Total |   1600 |   1576 |     24 |    105 |   1150 |   3 |  533.3 |
       Dungeon |   1600 |   1576 |     24 |    105 |   1150 |   3 |  533.3 |
               +--------+--------+--------+--------+--------+-----+--------+

Top non-repeatable levels by time:
     D:1: 1008 daAuts
     D:2: 549 daAuts
     D:3: 42 daAuts
